 Dungeon Crawl Stone Soup version 0.25-a0-23-gdc1bd94 (webtiles) character file.

Game seed: 2804298746803089713, levelgen mode: deterministic

51 BeowulfAlex the Digger (level 3, -1/20 HPs)
             Began as a Gargoyle Earth Elementalist on Oct 16, 2019.
             Slain by a gnoll
             ... wielding a +0 flail
              (11 damage)
             ... on level 2 of the Dungeon.
             The game lasted 00:02:34 (1534 turns).

BeowulfAlex the Digger (GrEE)                       Turns: 1534, Time: 00:02:35

Health: -1/20      AC:  5    Str: 11    XL:     3   Next: 81%
Magic:  6/7        EV: 12    Int: 16    God:
Gold:   21         SH:  0    Dex: 10    Spells: 3/7 levels left

rFire    . . .     SeeInvis .   l - +2 dagger (pain)
rCold    . . .     Gourm    .   (no shield)
rNeg     + . .     Faith    .   c - +0 robe
rPois    ∞         Spirit   .   (no helmet)
rElec    +         Reflect  .   (no cloak)
rCorr    .         Harm     .   (no gloves)
MR       .....                  (no boots)
Stlth    ++........             (no amulet)
HPRegen  0.06/turn              (no ring)
MPRegen  0.10/turn              (no ring)

@: no status effects
A: negative energy resistance 1, electricity resistance, unbreathing,
petrification resistance, rot immunity, AC +3
a: no special abilities


You were on level 2 of the Dungeon.
You were not hungry.

You visited 1 branch of the dungeon, and saw 2 of its levels.

You collected 21 gold pieces.

Inventory:

Hand Weapons
 l - a +2 dagger of pain (weapon)
Missiles
 b - 33 stones (quivered)
Armour
 c - a +0 robe (worn)
Scrolls
 a - 3 scrolls of enchant armour {unknown}
 e - a scroll of fear {unknown}
 h - 2 scrolls of blinking {unknown}
 i - a scroll of identify {unknown}
 k - a scroll of teleportation {unknown}
Potions
 f - a potion of haste {unknown}
 j - a potion of brilliance {unknown}
Comestibles
 d - a ration


   Skills:
 + Level 0.3 Fighting
 + Level 0.1 Short Blades
 + Level 1.9 Dodging
 + Level 2.3 Stealth
 + Level 2.6 Spellcasting
   Level 0.7 Transmutations
 + Level 4.5 Earth Magic


You had 3 spell levels left.
You knew the following spells:

 Your Spells              Type           Power        Failure   Level  Hunger
a - Sandblast             Erth           ###...       3%          1    #......
b - Stone Arrow           Conj/Erth      #.....       22%         3    ###....

Your spell library contained the following spells:

 Spells                   Type           Power        Failure   Level  Hunger
 Passwall                 Tmut/Erth      ##......     10%         2    ##.....
 Petrify                  Tmut/Erth      ##......     54%         4    #####..
 Lee's Rapid Deconstruct  Erth           ###.......   63%         5    ######.


Dungeon Overview and Level Annotations

Branches:
Dungeon (2/15)

Altars:


Innate Abilities, Weirdness & Mutations

You are resistant to torment.
Your stone body is resilient. (AC +3)
You are immune to poison.
You resist negative energy. (rN+)
You are resistant to electric shocks. (rElec)
You can survive without breathing.
You are immune to petrification.
You are immune to rotting.


Message History

HP restored.
You start resting.
Your magical contamination has completely faded away.
You start resting.
All of the chunks of flesh in your inventory have rotted away.
Magic restored.
You climb downwards.
The gnoll hits you with a +0 flail!
Ouch! That really hurt!
There is a stone staircase leading up here.
Casting: Sandblast (safe; 3% risk of failure)
Confirm with . or Enter, or press ? or * to list all spells.
Aiming: Sandblast (safe; 3% risk of failure)
Press: ? - help, Shift-Dir - straight line, f - gnoll
Aim: a gnoll, wielding a +0 flail The blast of sand hits the gnoll.
The gnoll is heavily wounded.
b - 33 stones The gnoll hits you with a +0 flail!
Ouch! That really hurt!
You die...

#+# #....# #.# #.##.#
#.# #.##.# ##.## #.##.#
##...## #....# #.....#
####.# ##..#.## #.#
########.###.########.#
......g@..#...........#
#########..############
#.## #.# ###.# .?#.#
#.#.# #.#.#
#..###.#.######


You could see a gnoll.

Vanquished Creatures
  2 gnolls
  An adder (D:1)
  A worm (D:2)
  A leopard gecko (D:1)
  2 bats (D:1)
  A hobgoblin (D:1)
  5 jackals (D:1)
  A frilled lizard (D:2)
  4 kobolds
  2 rats (D:1)
20 creatures vanquished.

Vanquished Creatures (others)
  5 toadstools (D:2)
5 creatures vanquished.

Grand Total: 25 creatures vanquished

Notes
Turn   | Place    | Note
-------+----------+-------------------------------------------
     0 | D:1      | BeowulfAlex the Gargoyle Earth Elementalist began the quest
                  | for the Orb.
     0 | D:1      | Reached XP level 1. HP: 10/10 MP: 3/3
   358 | D:1      | Reached skill level 4 in Earth Magic
   472 | D:1      | Reached XP level 2. HP: 15/15 MP: 3/5
  1171 | D:1      | Reached XP level 3. HP: 13/20 MP: 3/6
  1201 | D:1      | Learned a level 3 spell: Stone Arrow
  1534 | D:2      | Slain by a gnoll

Levels and vault maps discovered:
D:1:      dpeg_arrival_radiant, layout_rooms, minmay_misc_feat_square,
          corexii_corridor_pit, minmay_misc_feat_nine_boxes, solitary_fountain
D:2:      cheibrodos_fertilizer, layout_loops_corners, minmay_misc_feat_tower

Skill      XL: |  1 |
---------------+----+-----
Earth Magic    | 4 |  4.5
Fighting       | |  0.3
Short Blades   | |  0.1
Dodging        | |  1.9
Stealth        | |  2.3
Spellcasting   | |  2.6
Transmutations | |  0.7

Action                   || total
-------------------------++-------
Melee: Dagger            ||    51
       Unarmed           ||    11
 Cast: Sandblast         ||    24
 Stab: Sleeping          ||     1
  Eat: Chunk             ||     2
Armor: Robe              ||    20
Dodge: Dodged            ||    60

Table legend:
 A = Non-vault XP
 B = Vault XP
 C = Vault XP percentage of total XP
 D = Non-vault monster count
 E = Vault monster count
 F = Vault count percentage of total count
                 A         B        C        D         E       F
            +---------+---------+-------+---------+---------+-------
      Total |      73 |       0 |   0.0 |      20 |       0 |   0.0
            +---------+---------+-------+---------+---------+-------
        D:1 |      52 |       0 |   0.0 |      16 |       0 |   0.0
        D:2 |      21 |       0 |   0.0 |       4 |       0 |   0.0
            +---------+---------+-------+---------+---------+-------
